 Dungeon Crawl Stone Soup version 0.21-a0-94-gdd6ab6a (webtiles) character file.

5301 sveltemanboy the Carver (level 10, -3/67 HPs)
             Began as a Demonspawn Gladiator on June 24, 2017.
             Was the Champion of Uskayaw.
             Slain by a wyvern (10 damage)
             ... on level 8 of the Dungeon on July 1, 2017.
             The game lasted 00:23:58 (7599 turns).

sveltemanboy the Carver (Demonspawn Gladiator)      Turns: 7599, Time: 00:23:58

Health: -3/67      AC:  7    Str: 21    XL:     10   Next: 37%
Magic:  0/17       EV: 13    Int:  9    God:    Uskayaw [******]
Gold:   525        SH:  0    Dex: 15    Spells: 9/9 levels left

rFire    . . .     SeeInvis .   a - +1 long sword
rCold    + + .     Gourm    .   (no shield)
rNeg     . . .     Faith    .   w - +2 robe "Yzess" {rC+ Regen+ Str+3}
rPois    .         Spirit   +   c - +0 helmet
rElec    .         Reflect  .   (no cloak)
rCorr    .         Harm     .   (no gloves)
MR       +....                  (no boots)
Stlth    +.........             (no amulet)
HPRegen  0.61/turn              z - ring of protection from magic
MPRegen  0.15/turn              D - ring of ice

@: lethally poisoned (-3 -> -4)
A: hooves 2, iridescent scales 1, fire resistance 1, magic shield
a: Stomp, Line Pass, Grand Finale, Renounce Religion


You were on level 8 of the Dungeon.
You worshipped Uskayaw.
Uskayaw was aware of your devotion.
You were near starving.

You visited 1 branch of the dungeon, and saw 8 of its levels.

You collected 525 gold pieces.

Inventory:

Hand Weapons
 a - a +1 long sword (weapon)
Missiles
 d - 4 throwing nets
 j - 7 javelins (quivered)
Armour
 c - a +0 helmet (worn)
 w - the +2 robe "Yzess" (worn) {rC+ Regen+ Str+3}
   (You found it on level 4 of the Dungeon)

   It affects your strength (+3).
   It protects you from cold.
   It increases your rate of regeneration.
Jewellery
 z - a ring of protection from magic (left hand)
 B - an uncursed ring of see invisible
 D - a ring of ice (right hand)
Wands
 h - a wand of enslavement (7/24)
 u - a wand of disintegration (0/24)
 v - a wand of paralysis (0/24)
Scrolls
 b - a scroll of remove curse
 e - 2 scrolls of magic mapping
 n - 5 scrolls of identify
 p - 2 scrolls of enchant armour
 q - 4 scrolls of teleportation
 y - a scroll of fear
 C - a scroll of recharging
Potions
 g - a potion of brilliance
 l - a potion of flight
 o - a potion of resistance {unknown}
 r - 2 potions of curing
 x - a potion of berserk rage {unknown}
 E - 2 potions of lignification {unknown}
Comestibles
 f - 8 bread rations
 i - 3 chunks of flesh
 k - 5 meat rations
 m - 13 royal jellies
 t - 5 fruits


   Skills:
 - Level 2.0 Fighting
 * Level 11.8 Long Blades
 - Level 2.1 Throwing
 - Level 2.0 Armour
 - Level 2.7 Dodging
 + Level 10.6 Invocations


You had 9 spell levels left.
You didn't know any spells.

Dungeon Overview and Level Annotations

Branches:
Dungeon (8/15)             Temple (0/1) D:5
   Lair: D:8-11

Altars:
Cheibriados
Dithmenos
Okawaru
Qazlal
Ru
Sif Muna
Uskayaw
Xom
Yredelemnul
Zin

Annotations:
D:7 2 runed doors, exclusion: orange crystal statue


Innate Abilities, Weirdness & Mutations

You have hoof-like feet.
You are partially covered in iridescent scales. (AC +2)
Your flesh is heat resistant. (rF+)
When hurt, damage is shared between your health and your magic reserves.


Message History

The wyvern bites you but does no damage.
The centaur zombie hits you.
You closely miss the wyvern. Your kick misses the wyvern.
You feel sick. The wyvern bites you!
* * * LOW HITPOINT WARNING * * *
The centaur zombie barely misses you.
You slash the wyvern! You kick the wyvern.
The wyvern is heavily wounded.
You feel sick. The wyvern bites you.
* * * LOW HITPOINT WARNING * * *
The centaur zombie barely misses you.
You barely miss the wyvern. Your kick misses the wyvern.
The wyvern is heavily wounded.
The wyvern bites you!
* * * LOW HITPOINT WARNING * * *
The centaur zombie hits you but does no damage.
You hit the wyvern. You kick the wyvern.
The wyvern is severely wounded.
You feel sick. The wyvern bites you!
You die...

*,*,***,*,*,*,,,*,*,*,,,>******
,,*,,,,,*,,.**,**,,,*...,,,,,,*
,****,****.#.,,,,*,*#..,.****,*
***,,*,,***..#**,,*#..,..* *,*
**,,*,*..***..#,,*#..#...* *,*
*,,**,*#..*###.###.....#.****,**
,,**,,,*#..*...a)#.......,,,,,,*
,**,,,,,*#.#,,#Zl#.....#,*******
*,,,,*,,,,#..###@)...#,*,*
,**,,,,,**,#.#$#.#5..#,*,*
,)#*,,,**,,#.....#...#,*,*
*..#*,**,,*###.###..##,*,*
**..#,#,,*##$#.#$##..*,*,*
***..#.,*##..#.#..##..,*,*
,**##.####...#.#...##..*,*
##*,....#(...#.#.../#..#,*
..#,#.#.#####...#####.,*,*


You could see a wyvern, a worker ant, a crimson imp and a centaur zombie.

Vanquished Creatures
  A two-headed ogre (D:8)
  A meliai (shapeshifter) (D:8)
  Prince Ribbit (D:6)
  A human (shapeshifter) (D:8)
  2 hungry ghosts (D:8)
  Duvessa (D:7)
  A water moccasin (D:6)
  2 orc warriors
  2 ice beasts (D:7)
  2 black bears
  A phantom (D:7)
  3 sky beasts
  4 centaurs
  6 ogres
  A big kobold (D:8)
  2 bullfrogs
  Dowan (D:7)
  A scorpion (D:5)
  8 killer bees (D:7)
  3 wights (D:6)
  2 crimson imps
  2 quasits
  A bullfrog zombie (D:7)
  A bullfrog skeleton (D:6)
  3 orc priests
  4 hounds
  3 jellies (D:8)
  4 orc wizards
  A centaur skeleton (D:5)
  Jessica (D:2)
  4 iguanas
  4 worker ants
  A hound zombie (D:5)
  2 hound skeletons
  12 adders
  A shadow imp (D:5)
  6 oozes
  2 adder zombies
  An adder skeleton (D:6)
  3 worms
  3 dart slugs (D:1)
  7 leopard geckos
  25 orcs
  6 bats
  5 giant cockroaches
  10 goblins
  4 hobgoblins
  6 jackals
  12 kobolds
  A quokka (D:7)
  3 ball pythons
  3 frilled lizards
  A leopard gecko skeleton (D:5)
  5 rats
193 creatures vanquished.

Notes
Turn   | Place    | Note
-------+----------+-------------------------------------------
     0 | D:1      | sveltemanboy the Demonspawn Gladiator began the quest for the Orb.
     0 | D:1      | Reached XP level 1. HP: 16/16 MP: 1/1
   246 | D:1      | Reached skill level 1 in Armour
   264 | D:1      | Gained mutation: Your flesh is heat resistant. (rF+) [demonic ancestry]
   264 | D:1      | Reached XP level 2. HP: 15/22 MP: 2/2
   494 | D:1      | Reached skill level 3 in Long Blades
   797 | D:1      | Gained mutation: You have large cloven feet. [demonic ancestry]
   797 | D:1      | Reached XP level 3. HP: 27/27 MP: 3/3
  1012 | D:2      | Noticed Jessica
  1024 | D:2      | Killed Jessica
  1024 | D:2      | Gained mutation: When hurt, damage is shared between your health and your magic reserves. [demonic ancestry]
  1024 | D:2      | Reached XP level 4. HP: 17/33 MP: 4/4
  1363 | D:2      | Reached skill level 4 in Long Blades
  1559 | D:2      | Found a snail-covered altar of Cheibriados.
  2138 | D:3      | Found a hide-covered altar of Uskayaw.
  2167 | D:3      | Became a worshipper of Uskayaw the Reveler
  2178 | D:3      | Reached * piety under Uskayaw
  2181 | D:3      | Reached ** piety under Uskayaw
  2183 | D:3      | Gained mutation: You are partially covered in iridescent scales. (AC +2) [demonic ancestry]
  2183 | D:3      | Reached XP level 5. HP: 38/38 MP: 5/5
  2403 | D:3      | Reached skill level 1 in Invocations
  2729 | D:3      | Noticed an ogre
  2735 | D:3      | Killed an ogre
  2735 | D:3      | Reached skill level 5 in Long Blades
  2735 | D:3      | Reached *** piety under Uskayaw
  3043 | D:4      | Reached XP level 6. HP: 30/44 MP: 7/7
  3442 | D:4      | Reached skill level 6 in Long Blades
  3442 | D:4      | Reached XP level 7. HP: 29/50 MP: 5/10
  3639 | D:4      | Got a creamy pearl robe
  3907 | D:5      | Entered Level 5 of the Dungeon
  4167 | D:5      | Found an iron altar of Okawaru.
  4233 | D:5      | Reached skill level 7 in Long Blades
  4233 | D:5      | Reached skill level 5 in Invocations
  4887 | D:5      | Gained mutation: You have hoof-like feet. [demonic ancestry]
  4887 | D:5      | Reached XP level 8. HP: 52/56 MP: 10/12
  4890 | D:5      | Found a staircase to the Ecumenical Temple.
  5356 | D:6      | Reached skill level 8 in Long Blades
  5369 | D:6      | Reached **** piety under Uskayaw
  5374 | D:6      | Reached ***** piety under Uskayaw
  5423 | D:6      | Found a shadowy altar of Dithmenos.
  5483 | D:6      | Noticed Prince Ribbit
  5507 | D:6      | Killed Prince Ribbit
  5507 | D:6      | Reached skill level 9 in Long Blades
  5747 | D:6      | Found a deep blue altar of Sif Muna.
  5783 | D:6      | Found a sacrificial altar of Ru.
  5941 | D:6      | Found a burning altar of Makhleb.
  5947 | D:6      | Found a basalt altar of Yredelemnul.
  5947 | D:6      | Found a basalt altar of Yredelemnul.
  5949 | D:6      | Found a shadowy altar of Dithmenos.
  5949 | D:6      | Found an ancient bone altar of Kikubaaqudgha.
  5949 | D:6      | Found a shimmering altar of Xom.
  6006 | D:6      | Identified the +2 robe "Yzess" {rC+ Regen+ Str+3} (You found it on level 4 of the Dungeon)
  6041 | D:7      | Reached XP level 9. HP: 30/61 MP: 8/14
  6107 | D:7      | Noticed Duvessa
  6111 | D:7      | Noticed Dowan
  6118 | D:7      | Killed Duvessa
  6124 | D:7      | Killed Dowan
  6148 | D:7      | Found a glowing silver altar of Zin.
  6149 | D:7      | Found an iron altar of Okawaru.
  6187 | D:7      | Found a basalt altar of Yredelemnul.
  6187 | D:7      | Found a stormy altar of Qazlal.
  6366 | D:7      | Reached skill level 10 in Long Blades
  6736 | D:7      | Found a runed door.
  6752 | D:7      | Found a runed door.
  6762 | D:7      | Noticed an orange crystal statue
  7103 | D:7      | Upgraded the game from 0.21-a0-84-g85d6d27 to 0.21-a0-94-gdd6ab6a
  7252 | D:8      | Reached skill level 11 in Long Blades
  7369 | D:8      | Noticed a two-headed ogre
  7379 | D:8      | Killed a two-headed ogre
  7379 | D:8      | Reached skill level 10 in Invocations
  7379 | D:8      | Reached XP level 10. HP: 46/67 MP: 11/17
  7390 | D:8      | Noticed a harpy
  7390 | D:8      | a harpy changed into a human
  7597 | D:8      | Reached ****** piety under Uskayaw
  7599 | D:8      | Slain by a wyvern

Vault maps used:
D:1:      dpeg_arrival_water_temple_mockup, st_stairs_1,
          hangedman_decor_growths, serial_bayou_lagoon_a
D:2:      cheibriados_altar_1, first_bread, uniq_jessica
D:3:      overflow_temple_1_default
D:5:      minmay_temple_entry_mist, minmay_misc_feat_square,
          okawaru_metal_pillars_3
D:6:      grunt_dithmenos_smoke, doesnt_xom_only_xom, kennysheep_mini,
          nicolae_overflow_crystal_walls, uniq_prince_ribbit1
D:7:      chequers_temple_overflow_statue_of_worship,
          chequers_guarded_unrand_ignorance, uniq_duvessa
D:8:      minmay_the_grid_octo_tiled_octocenter, gammafunk_temple_overflow_wave,
          serial_shops, shop, enter_bailey_2, hangedman_little_slice_of_home,
          uniq_grum, uniq_erica

Skill      XL: |  1  2  3  4  5  6  7  8  9 |
---------------+----------------------------+-----
Armour         | 1 2 |  2.0
Long Blades    | 3 4 5 6 7 9 11 | 11.8
Throwing       | 2 |  2.1
Invocations    | 2 4 5 7 10 | 10.6
Fighting       | |  2.0
Dodging        | |  2.7

Action                   |  1- 3 |  4- 6 |  7- 9 | 10-12 || total
-------------------------+-------+-------+-------+-------++-------
Melee: Long sword        |    55 |   167 |   370 |    67 ||   659
       Kick              |     1 |    47 |   145 |    18 ||   211
Throw: Javelin           |     9 |    17 |    37 |       ||    63
       Throwing net      |       |       |     3 |       ||     3
Invok: Line Pass         |       |       |     1 |     1 ||     2
       Stomp             |       |       |     1 |     1 ||     2
Evoke: Wand              |       |       |     7 |     5 ||    12
  Use: Scroll            |       |       |    10 |     1 ||    11
       Potion            |       |       |     4 |       ||     4
 Stab: Paralysed         |       |     4 |    24 |     2 ||    30
       Distracted        |       |       |     1 |       ||     1
  Eat: Chunk             |       |     8 |    14 |     5 ||    27
Armor: Leather armour    |    11 |    34 |       |       ||    45
       Scale mail        |       |    40 |    99 |       ||   139
       Robe              |       |       |    38 |    21 ||    59
Dodge: Dodged            |    29 |   114 |   217 |    65 ||   425
       Rpst.: Long sword |     6 |    29 |    58 |    17 ||   110
